 Dungeon Crawl Stone Soup version 0.17-a0-1485-g22cb0ee (webtiles) character file.

208 urechis the Ruffian (level 5, -2/50 HPs)
             Began as a Troll Monk on July 5, 2015.
             Killed from afar by an oklob plant (10 damage)
             ... with a splash of acid
             ... on level 2 of the Dungeon.
             The game lasted 00:02:24 (1029 turns).

urechis the Ruffian (Troll Monk)                    Turns: 1029, Time: 00:02:24

Health: -2/50      AC:  1    Str: 20    XL:     5   Next: 55%
Magic:  0/13       EV: 10    Int:  6    God:
Gold:   63         SH:  0    Dex: 12    Spells: 0 memorised, 4 levels left

rFire  . . .     SeeInvis .       - Unarmed
rCold  . . .     Clarity  .     a - +0 robe
rNeg   . . .     SustAt   .     (no shield)
rPois  .         Gourm    +     (helmet restricted)
rElec  .         Spirit   +     (no cloak)
rCorr  .         Warding  .     (gloves unavailable)
rMut   .         Stasis   .     (boots unavailable)
MR     .....                    n - amulet of guardian spirit
Stlth  +.........               (no ring)
                                c - ring of magical power

@: corroded equipment, not resistant to hostile enchantments, very unstealthy
A: unfitting armour, claws 3, fast metabolism 3, gourmand, regeneration 2,
shaggy fur 1, tough skin 2
a: no special abilities


You were on level 2 of the Dungeon.
You were very full.

You visited 1 branch of the dungeon, and saw 2 of its levels.

You collected 63 gold pieces.

Inventory:

Armour
 a - a +0 robe (worn)
Jewellery
 c - a ring of magical power (left claw)
 f - an uncursed amulet of faith
 m - an uncursed amulet of stasis
 n - an amulet of guardian spirit (around neck)
Scrolls
 e - a scroll of fear {unknown}
 k - 2 scrolls of remove curse {unknown}
 o - a scroll of immolation {unknown}
 q - a scroll of recharging {unknown}
Potions
 d - 2 potions of curing {unknown}
 g - a potion of might {unknown}
 h - a potion of agility {unknown}
 i - a potion of resistance {unknown}
 j - 2 potions of invisibility {unknown}
 l - 2 potions of brilliance {unknown}
Comestibles
 b - 2 bread rations
 p - a chunk of flesh


   Skills:
 - Level 2.4 Fighting
 - Level 2.4 Dodging
 - Level 1.1 Stealth
 + Level 6.9 Unarmed Combat


You had 4 spell levels left.
You didn't know any spells.

Dungeon Overview and Level Annotations

Branches:
Dungeon (2/15)

Altars:
Fedhas
Kikubaaqudgha

Annotations:
D:2 exclusion: oklob plant


Innate Abilities, Weirdness & Mutations

You are too large for most types of armour.
You have claws for hands.
Your metabolism is lightning-fast.
You like to eat raw meat.
You heal very quickly.
You are covered in fur (AC +1).
You have very tough skin (AC +2).


Message History

You claw the oklob plant!
The oklob plant is lightly damaged.
You claw the oklob plant!
The oklob plant is moderately damaged.
The oklob plant spits acid at you. The splash of acid hits you!
The acid corrodes you!
The acid burns!
You scratch the oklob plant but do no damage.
The oklob plant is moderately damaged.
You claw the oklob plant!
The oklob plant is severely damaged.
The oklob plant spits acid at you. The splash of acid hits you!
The acid burns!
* * * LOW HITPOINT WARNING * * *
You scratch the oklob plant but do no damage.
The oklob plant is severely damaged.
You scratch the oklob plant but do no damage.
The oklob plant is severely damaged.
The oklob plant spits acid at you. The splash of acid hits you!
You die...

...≈≈≈≈._......PP.P#........#
##.≈≈≈≈...≈≈≈≈.♣P.P#........#
P.≈≈≈≈≈≈≈≈≈≈≈.♣.♣P##########
P♣..≈≈≈≈≈≈≈≈≈..P.#P#
#P..≈≈≈≈≈≈≈..PPPPP#
#.P..≈≈≈≈≈..P#P%PP#
PPPP........#PP.P.#


PPPP.PPPPPP.PP%.♣# PPPPPPP#P..@PP# P.♣#♣PPPP♣%♣.P# P #PPPPPP♣PP♣♣# ###########
You could see an oklob plant.

Vanquished Creatures
  Sigmund (D:2)
  An adder (D:2)
  An ooze (D:2)
  A worm (D:2)
  A giant cockroach (D:2)
  6 goblins
  8 hobgoblins
  5 kobolds
  4 bats (D:1)
  3 giant newts (D:1)
  4 rats (D:1)
  A fungus (D:2)
  2 plants (D:2)
38 creatures vanquished.

Vanquished Creatures (others)
  13 toadstools (D:2)
13 creatures vanquished.

Grand Total: 51 creatures vanquished

Notes
Turn   | Place    | Note
--------------------------------------------------------------
     0 | D:1      | urechis the Troll Monk began the quest for the Orb.
     0 | D:1      | Reached XP level 1. HP: 22/22 MP: 0/0
     0 | D:1      | Noticed a spriggan
     0 | D:1      | Noticed a draconian
     1 | D:1      | Noticed a spriggan
     3 | D:1      | Noticed a formicid
     3 | D:1      | Noticed a draconian
     5 | D:1      | Noticed a dwarf
    10 | D:1      | Noticed a draconian
    12 | D:1      | Noticed a minotaur
    12 | D:1      | Noticed a spriggan
    14 | D:1      | Noticed a gargoyle
    18 | D:1      | Noticed a human
    18 | D:1      | Noticed a draconian
    20 | D:1      | Noticed a minotaur
   148 | D:1      | Reached XP level 2. HP: 29/29 MP: 1/1
   591 | D:2      | Found an ancient bone altar of Kikubaaqudgha.
   595 | D:2      | Reached skill level 5 in Unarmed Combat
   595 | D:2      | Reached XP level 3. HP: 36/36 MP: 2/2
   664 | D:2      | Noticed Sigmund
   674 | D:2      | Killed Sigmund
   674 | D:2      | Reached skill level 6 in Unarmed Combat
   674 | D:2      | Reached XP level 4. HP: 33/44 MP: 3/3
   674 | D:2      | Reached XP level 5. HP: 37/50 MP: 4/4
   963 | D:2      | Found a blossoming altar of Fedhas.
   980 | D:2      | Noticed an oklob plant
  1029 | D:2      | Killed from afar by an oklob plant

Vault maps used:
D:1:      shiori_arrival_whats_in_store_for_you
D:2:      kiku_gazebo_pond_becter, tgw_fedhas, cheibriados_altar_wand_db,
          uniq_sigmund

Action                   |  1- 3 |  4- 6 || total
-------------------------+-------+-------++-------
Melee: Unarmed           |    60 |    58 ||   118
 Stab: Sleeping          |     3 |       ||     3
  Eat: Chunk             |     7 |     7 ||    14
